 Dungeon Crawl Stone Soup version 0.30-a0-528-g8c47a4955b (webtiles) character file.

Game seed: 5288333989275961654

234 arthad the Insei (level 6, -2/47 HPs)
             Began as a Gnoll Transmuter on Dec 23, 2022.
             Slain by a lemure (8 damage)
             ... led by Pikel
             ... on level 4 of the Dungeon.
             The game lasted 00:07:38 (2700 turns).

arthad the Insei (Gnoll Transmuter)                 Turns: 2700, Time: 00:07:38

Health: -2/47      AC:  2    Str: 10    XL:     6   Next: 5%
Magic:  12/14      EV: 24    Int: 14    God:
Gold:   152        SH:  0    Dex: 23    Spells: 1/15 levels left

rFire   . . .      SeeInvis .      - Unarmed
rCold   . . .      Faith    .    (shield currently unavailable)
rNeg    . . .      Spirit   .    (body armour currently unavailable)
rPois   x          Reflect  .    (helmet currently unavailable)
rElec   .          Harm     .    (cloak currently unavailable)
rCorr   .          Rampage  .    (gloves currently unavailable)
Will    .....                    (boots currently unavailable)
Stlth   ++                       (no amulet)
HPRegen 0.27/turn                d - ring of wizardry
MPRegen 0.14/turn                f - +6 ring of dexterity

@: spider-form
A: venomous fangs, tiny, (fangs 1), strong nose, distributed training
a: End Transformation


You were on level 4 of the Dungeon.
You were a venomous arachnid creature.
You visited 1 branch of the dungeon, and saw 4 of its levels.

You collected 152 gold pieces.

Inventory:

Hand Weapons
 t - a +2 quarterstaff of chaos
Armour
 a - a +0 robe (melded)
 m - an orb of guile
 u - a +0 cloak (melded)
Jewellery
 d - a ring of wizardry (left front leg)
 f - a +6 ring of dexterity (right front leg)
 k - a ring of protection from fire
Wands
 s - a wand of quicksilver (2)
Scrolls
 c - 2 scrolls of fog {unknown}
 g - 3 scrolls of vulnerability {unknown}
 j - 4 scrolls of identify {unknown}
 l - a scroll of poison {unknown}
 n - a scroll of magic mapping {unknown}
 o - a scroll of noise {unknown}
 q - a scroll of immolation {unknown}
Potions
 b - 2 potions of lignification
 e - 2 potions of flight {unknown}
 h - 2 potions of haste {unknown}
 i - a potion of ambrosia {unknown}
 p - 2 potions of degeneration {unknown}
 r - 3 potions of heal wounds


   Skills:
 + Level 3.2 Fighting
 + Level 1.8 Short Blades
 + Level 1.8 Long Blades
 + Level 1.8 Axes
 + Level 1.8 Maces & Flails
 + Level 1.8 Polearms
 + Level 1.8 Staves
 + Level 1.8 Ranged Weapons
 + Level 1.8 Throwing
 + Level 1.8 Armour
 + Level 4.9 Dodging
 + Level 1.8 Stealth
 + Level 1.8 Shields
 + Level 6.8 Unarmed Combat
 + Level 5.3 Spellcasting
 + Level 1.4 Conjurations
 + Level 1.4 Hexes
 + Level 1.4 Summonings
 + Level 1.4 Necromancy
 + Level 1.4 Translocations
 + Level 4.1 Transmutations
 + Level 1.4 Fire Magic
 + Level 1.4 Ice Magic
 + Level 1.4 Air Magic
 + Level 1.4 Earth Magic
 + Level 1.4 Poison Magic
 + Level 2.0 Invocations
 + Level 1.8 Evocations


You had one spell level left.
You knew the following spells:

 Your Spells              Type           Power      Damage    Failure   Level
a - Beastly Appendage     Tmut           30%        N/A       4%          1
b - Wereblood             Tmut           15%        N/A       6%          2
c - Spider Form           Tmut/Pois      11%        N/A       14%         3
d - Ice Form              Ice/Tmut       11%        N/A       36%         4
e - Necrotise             Necr           28%        1d5       10%         1
f - Vampiric Draining     Necr           7%         2d6       22%         3

Your spell library contained the following spells:

 Spells                   Type           Power      Damage    Failure   Level
 Apportation              Tloc           14%        N/A       10%         1
 Summon Small Mammal      Summ           28%        N/A       10%         1
 Agony                    Necr           7%         N/A       82%         5


Dungeon Overview and Level Annotations

Branches:
Dungeon (4/15)
 Temple: D:4-7

Altars:
Vehumet
Yredelemnul

Annotations:
D:3 2 transporters, greenreed's ghost, amateur TeAE
D:4 Pikel


Innate Abilities, Weirdness & Mutations

You are a venomous arachnid creature.
You have poisonous fangs.
You are tiny and dextrous.
Your spellcasting is less reliable in this form.
Your armour is entirely melded.
You are incapable of wielding weapons or throwing items.
((You have very sharp teeth.))
Your uncanny sense of smell can sniff out nearby items.
Your experience applies equally to all skills.


Message History

The lemure moves out of view.
Casting: Beastly Appendage (safe; 1% risk of failure)
Confirm with . or Enter, or press ? or * to list all spells.
You turn into a venomous arachnid creature.
Your +0 cloak melds into your body.
Your +0 robe melds into your body.
Pikel barely misses you.
You barely miss Pikel. Pikel barely misses you.
You barely miss Pikel.
Pikel hits you with a +2 whip of flaming!
Pikel burns you. The lemure barely misses you.
You hit Pikel.
Pikel is poisoned.
Pikel is lightly wounded.
An ufetubus comes into view.
Pikel completely misses you. The lemure misses you.
You bite Pikel!
Pikel is moderately wounded.
Pikel hits you with a +2 whip of flaming!
Pikel burns you. The lemure barely misses you.
You completely miss Pikel.
Pikel is moderately wounded.
Pikel hits you with a +2 whip of flaming!
Pikel burns you.
* * * LOW HITPOINT WARNING * * *
The lemure completely misses you.
You barely miss Pikel.
Pikel is moderately wounded.
You closely miss Pikel.
Pikel is moderately wounded.
Pikel misses you. The lemure closely misses you.
You hit Pikel.
Pikel looks as sick as possible!
Pikel is heavily wounded.
Pikel completely misses you. The lemure closely misses you.
You hit Pikel.
Pikel is severely wounded.
Pikel hits you with a +2 whip of flaming!
* * * LOW HITPOINT WARNING * * *
Pikel burns you.
* * * LOW HITPOINT WARNING * * *
The lemure hits you!
You die...

#.#.# .. #.#.# .#
#.#.# .# #.#.#### # .#
#.#.#... .. .# ∆
#...'... ....
##5##.#.# ###.#...
..... +5K55...# #.#>..
......#s# #.# #.#...
......#.#####.# #
#.#...
..............#.#
#.#...
...####...###.#.#
#.#... #.........#
#.#<.. .####.#.###.###
#.....
............#########.
.####.................
#......###########


You could see Pikel (extremely poisoned) and 4 lemures.

Vanquished Creatures
  Crazy Yiuf (D:3)
  Natasha (thrice) (D:2)
  A hound zombie (D:3)
  2 howler monkey zombies (D:3)
  2 adders
  A dart slug (D:2)
  4 orcs (D:3)
  5 endoplasms
  5 giant cockroaches
  6 goblins
  3 hobgoblins
  9 jackals
  2 quokkas
  10 ball pythons
  3 bats (D:1)
  3 frilled lizards
  5 kobolds
  8 rats
73 creatures vanquished.

Notes
Turn   | Place    | Note
-------+----------+-------------------------------------------
     0 | D:1      | arthad the Gnoll Transmuter began the quest for the Orb.
     0 | D:1      | Reached XP level 1. HP: 17/17 MP: 6/6
    82 | D:1      | Reached XP level 2. HP: 23/23 MP: 5/7
   248 | D:1      | Reached skill level 5 in Spellcasting
   248 | D:1      | Reached XP level 3. HP: 28/28 MP: 7/9
   659 | D:2      | Reached skill level 1 in Invocations
   759 | D:2      | Learned a level 2 spell: Wereblood
   763 | D:2      | Learned a level 3 spell: Spider Form
   823 | D:2      | Reached skill level 1 in Short Blades
   823 | D:2      | Reached skill level 1 in Long Blades
   823 | D:2      | Reached skill level 1 in Axes
   823 | D:2      | Reached skill level 1 in Maces & Flails
   823 | D:2      | Reached skill level 1 in Polearms
   823 | D:2      | Reached skill level 1 in Staves
   823 | D:2      | Reached skill level 1 in Ranged Weapons
   823 | D:2      | Reached skill level 1 in Throwing
   823 | D:2      | Reached skill level 1 in Armour
   823 | D:2      | Reached skill level 1 in Stealth
   823 | D:2      | Reached skill level 1 in Shields
   823 | D:2      | Reached skill level 1 in Evocations
   950 | D:2      | Reached XP level 4. HP: 34/34 MP: 9/11
   966 | D:2      | Noticed Natasha
   973 | D:2      | Learned a level 4 spell: Ice Form
   980 | D:2      | Killed Natasha
   981 | D:2      | Reached skill level 1 in Conjurations
   981 | D:2      | Reached skill level 1 in Hexes
   981 | D:2      | Reached skill level 1 in Summonings
   981 | D:2      | Reached skill level 1 in Necromancy
   981 | D:2      | Reached skill level 1 in Translocations
   981 | D:2      | Reached skill level 1 in Fire Magic
   981 | D:2      | Reached skill level 1 in Ice Magic
   981 | D:2      | Reached skill level 1 in Air Magic
   981 | D:2      | Reached skill level 1 in Earth Magic
   981 | D:2      | Reached skill level 1 in Poison Magic
  1094 | D:2      | Found a faded altar of an unknown god.
  1234 | D:2      | Noticed Natasha
  1242 | D:2      | Killed Natasha
  1331 | D:2      | Noticed Natasha
  1345 | D:2      | Killed Natasha
  1346 | D:2      | Reached XP level 5. HP: 19/40 MP: 10/12
  1430 | D:3      | Found a transporter.
  1441 | D:3      | Noticed a water moccasin
  1562 | D:3      | Learned a level 1 spell: Necrotise
  1710 | D:3      | Found a basalt altar of Yredelemnul.
  1976 | D:3      | Found a runed translucent door.
  1977 | D:3      | Noticed Crazy Yiuf
  2202 | D:3      | Noticed greenreed's ghost (amateur TeAE)
  2203 | D:3      | Found a transporter.
  2206 | D:3      | Found a radiant altar of Vehumet.
  2269 | D:3      | Learned a level 3 spell: Vampiric Draining
  2398 | D:3      | Killed Crazy Yiuf
  2399 | D:3      | Reached XP level 6. HP: 32/47 MP: 4/13
  2690 | D:4      | Noticed Pikel
  2700 | D:4      | Slain by a lemure

Illustrated notes

Levels and vault maps discovered:
D:1:      evilmike_arrival_rings, layout_basic
D:2:      layout_rooms, dreamdust_ecumenical_altar_sealed_demon,
          minmay_tromino_i4, uniq_natasha
D:3:      layout_loops_cross, fiery_altar_vehumet,
          nicolae_yredelemnul_corpse_copse, gammafunk_ghost_arena,
          uniq_crazy_yiuf_cottage
D:4:      layout_basic, uniq_pikel, uniq_grinder

Skill      XL: |  1  2  3  4  5 |
---------------+----------------+-----
Spellcasting   | 5 |  5.3
Invocations    | 1 2 |  2.0
Short Blades   | 1 |  1.8
Long Blades    | 1 |  1.8
Axes           | 1 |  1.8
Maces & Flails | 1 |  1.8
Polearms       | 1 |  1.8
Staves         | 1 |  1.8
Ranged Weapons | 1 |  1.8
Throwing       | 1 |  1.8
Armour         | 1 |  1.8
Stealth        | 1 |  1.8
Shields        | 1 |  1.8
Evocations     | 1 |  1.8
Conjurations   | 1 |  1.4
Hexes          | 1 |  1.4
Summonings     | 1 |  1.4
Necromancy     | 1 |  1.4
Translocations | 1 |  1.4
Fire Magic     | 1 |  1.4
Ice Magic      | 1 |  1.4
Air Magic      | 1 |  1.4
Earth Magic    | 1 |  1.4
Poison Magic   | 1 |  1.4
Fighting       | 3 |  3.2
Transmutations | 4 |  4.1
Dodging        | |  4.9
Unarmed Combat | |  6.8

Action                   |  1- 3 |  4- 6 || total
-------------------------+-------+-------++-------
Melee: Unarmed           |    73 |    97 ||   170
       Kick              |    11 |     5 ||    16
       Punch             |     2 |     1 ||     3
       Headbutt          |     9 |     3 ||    12
       Bite              |     3 |     9 ||    12
 Cast: Beastly Appendage |    19 |     6 ||    25
       Spider Form       |       |     5 ||     5
       Necrotise         |       |    24 ||    24
       Ice Form          |       |     1 ||     1
       Wereblood         |       |     1 ||     1
 Stab: Sleeping          |     5 |     2 ||     7
Armor: Robe              |    12 |     5 ||    17
       Skin              |       |     5 ||     5
Dodge: Dodged            |    35 |    72 ||   107

Table legend: (Time is in decaauts)
 A = Elapsed time spent in this place.
 B = Non-inter-level travel time spent in this place.
 C = Inter-level travel time spent in this place.
 D = Time resting spent in this place.
 E = Time spent auto-exploring this place.
 F = Levels seen in this place.
 G = Mean time per level.
                   A        B        C        D        E       F      G
               +--------+--------+--------+--------+--------+-----+--------+
         Total |   2683 |   2611 |     72 |    125 |   1969 |   4 |  670.8 |
       Dungeon |   2683 |   2611 |     72 |    125 |   1969 |   4 |  670.8 |
               +--------+--------+--------+--------+--------+-----+--------+

Top non-repeatable levels by time:
     D:3: 1063 daAuts
     D:2: 796 daAuts
     D:1: 623 daAuts
     D:4: 200 daAuts
